 Dungeon Crawl Stone Soup version 0.27-a0-1312-g5cdb2b3542 (webtiles) character file.

Game seed: 2590887527333717332

101 solopath the Insei (level 4, -1/38 HPs)
             Began as a Naga Transmuter on June 21, 2021.
             Slain by a lemure (2 damage)
             ... led by Pikel
             ... on level 4 of the Dungeon.
             The game lasted 00:04:26 (3246 turns).

solopath the Insei (Naga Transmuter)                Turns: 3246, Time: 00:04:26

Health: -1/38      AC:  2    Str: 12    XL:     4   Next: 75%
Magic:  4/7        EV: 19    Int: 14    God:
Gold:   88         SH:  0    Dex: 17    Spells: 1/7 levels left

rFire    . . .     SeeInvis +     - Unarmed
rCold    . . .     Faith    .   (shield currently unavailable)
rNeg     . . .     Spirit   .   (armour currently unavailable)
rPois    x         Reflect  .   (helmet currently unavailable)
rElec    .         Harm     .   (cloak currently unavailable)
rCorr    .         Rampage  .   (gloves currently unavailable)
Will     .....                  (no barding)
Stlth    ++........             (no amulet)
HPRegen  0.12/turn              (no ring)
MPRegen  0.10/turn              (no ring)

@: spider-form (expiring)
A: venomous fangs, AC +1, tiny, see invisible, (deformed body), (poison
resistance), (slowness 2), spit poison 1, (naga tail 1)
a: Spit Poison, End Transformation


You were on level 4 of the Dungeon.
You were a venomous arachnid creature.
You visited 1 branch of the dungeon, and saw 4 of its levels.

You collected 88 gold pieces.

Inventory:

Armour
 a - a +0 robe (melded)
 l - a +0 cloak (melded)
Wands
 k - a wand of iceblast (12)
Scrolls
 c - 3 scrolls of holy word {unknown}
 e - a scroll of brand weapon {unknown}
 f - a scroll of immolation {unknown}
 g - a scroll of fear {unknown}
 h - a scroll of acquirement {unknown}
 j - a scroll of magic mapping {unknown}
 m - a scroll of vulnerability {unknown}
Potions
 b - a potion of curing {unknown}
 d - a potion of haste {unknown}
 i - a potion of degeneration {unknown}


   Skills:
 - Level 1.0 Fighting
 - Level 1.5 Dodging
 + Level 2.9 Stealth
 * Level 3.8 Unarmed Combat
 - Level 2.0 Spellcasting
 * Level 3.6 Transmutations


You had one spell level left.
You knew the following spells:

 Your Spells              Type           Power      Damage    Failure   Level
a - Beastly Appendage     Tmut           22%        N/A       16%         1
b - Wereblood             Tmut           11%        N/A       22%         2
c - Spider Form           Tmut/Pois      3%         N/A       56%         3

Your spell library contained the following spells:

 Spells                   Type           Power      Damage    Failure   Level
 Shock                    Conj/Air       4%         1d3       45%         1
 Static Discharge         Conj/Air       1%         N/A       56%         2
 Swiftness                Air            1%         N/A       77%         3
 Ice Form                 Ice/Tmut       6%         N/A       89%         4
 Airstrike                Air            0%         N/A       98%         4
 Lightning Bolt           Conj/Air       0%         1d11      100%        5


Dungeon Overview and Level Annotations

Branches:
Dungeon (4/15)
 Temple: D:4-7

Altars:

Shops:
D:1 (

Annotations:
D:3 2 transporters, Sobieck's ghost, amateur SpBe
D:4 Pikel


Innate Abilities, Weirdness & Mutations

You are a venomous arachnid creature.
You have poisonous fangs.
You are tiny and dextrous.
Your spellcasting is less reliable in this form.
Your armour is entirely melded.
You are incapable of wielding weapons or throwing items.
((Your serpentine skin is tough. (AC +1)))
You have supernaturally acute eyesight. (SInv)
((Armour fits poorly on your strangely shaped body.))
((Your system is resistant to poisons. (rPois)))
((You cover ground very slowly.))
You can spit poison.
((You have a snake-like lower body.))


Message History

Your +0 cloak melds into your body.
Your +0 robe melds into your body.
The lemure hits you.
Pikel zaps a wand.
You suddenly lose the ability to move!
The lemure hits you!
Pikel hits you with a +0 whip of flaming!
Pikel burns you.
You can move again.
The lemure shouts!
You hit Pikel.
Pikel is lightly wounded.
The lemure closely misses you. x2
You hit Pikel.
Pikel is poisoned.
Pikel is lightly wounded.
Pikel misses you. The lemure misses you. x2
You hit Pikel.
Pikel looks as sick as possible!
Pikel is moderately wounded.
Your transformation is almost over.
Pikel zaps a wand.
You resist with some effort. The lemure completely misses you.
The lemure barely misses you.
You hit Pikel but do no damage.
Pikel looks as sick as possible!
Pikel is heavily wounded.
Pikel hits you with a +0 whip of flaming.
* * * LOW HITPOINT WARNING * * *
Pikel burns you.
* * * LOW HITPOINT WARNING * * *
The lemure completely misses you. x2; The lemure hits you but does no damage.
You barely miss Pikel.
Pikel is severely wounded.
Pikel says, "You'll make a fine lemure."
Pikel hits you with a +0 whip of flaming.
* * * LOW HITPOINT WARNING * * *
Pikel burns you.
* * * LOW HITPOINT WARNING * * *
The lemure hits you.
* * * LOW HITPOINT WARNING * * *
The lemure completely misses you.
Unknown command.
You hit Pikel.
Pikel is severely wounded.
Pikel closely misses you. The lemure misses you. The lemure hits you.
You die...

.5.#.# #....###
###......#.
#..........
###......... .
##.......## ...
##.........#
.....#555.##....#
#..5sK## ..../.$
#..#### ......#
#.. ......# #.
....### .. ....#
.. ...## .


You could see Pikel (extremely poisoned) and 4 lemures.

Vanquished Creatures
  4 gnolls (D:3)
  An adder (D:3)
  2 worms
  A dart slug (D:3)
  4 bats
  3 endoplasms
  4 giant cockroaches
  3 goblins
  4 hobgoblins
  3 jackals (D:3)
  5 kobolds
  3 ball pythons
  7 frilled lizards
  3 rats
47 creatures vanquished.

Notes
Turn   | Place    | Note
-------+----------+-------------------------------------------
     0 | D:1      | solopath the Naga Transmuter began the quest for the Orb.
     0 | D:1      | Reached XP level 1. HP: 18/18 MP: 3/3
   192 | D:1      | Found a faded altar of an unknown god.
   280 | D:1      | Reached skill level 1 in Stealth
   516 | D:1      | Found Coepok's Weapon Emporium.
   521 | D:1      | Reached XP level 2. HP: 25/25 MP: 3/5
  1563 | D:2      | Learned a level 2 spell: Wereblood
  1589 | D:2      | Reached XP level 3. HP: 7/31 MP: 6/6
  2139 | D:3      | Learned a level 3 spell: Spider Form
  2357 | D:3      | Reached XP level 4. HP: 38/38 MP: 3/7
  2702 | D:3      | Found a transporter.
  2702 | D:3      | Noticed Sobieck's ghost (amateur SpBe)
  2974 | D:3      | Found a transporter.
  3228 | D:4      | Noticed a lemure
  3229 | D:4      | Noticed a lemure
  3229 | D:4      | Noticed a lemure
  3229 | D:4      | Noticed Pikel
  3233 | D:4      | Noticed a lemure
  3238 | D:4      | Paralysed by Pikel for 3 turns
  3245 | D:4      | HP: 1/38 [lemure[Pikel] (5)]
  3246 | D:4      | Slain by a lemure

Illustrated notes

Levels and vault maps discovered:
D:1:      wander_arrival_desolate, layout_loops_corners,
          shapermc_ecumenical_altar_mp_ritualfount, serial_shops,
          nicolae_shop_stone, minmay_liquid_box, lemuel_flame_loot_1
D:2:      layout_rooms, grunt_decor_one_mirror, minmay_domino_4
D:3:      layout_loops_ring, gammafunk_ghost_mausoleum, grunt_ministairs_9,
          hangedman_decor_growths, minmay_between
D:4:      layout_cave_pools, lemuel_tele_altar, minmay_temple_entry_sparse_star,
          kennysheep_generic_room_5, uniq_pikel

Skill      XL: |  1  2  3 |
---------------+----------+-----
Stealth        | 1 2 |  2.9
Transmutations | 3 |  3.6
Fighting       | |  1.0
Dodging        | |  1.5
Unarmed Combat | |  3.8
Spellcasting   | |  2.0

Action                   |  1- 3 |  4- 6 || total
-------------------------+-------+-------++-------
Melee: Unarmed           |    71 |    51 ||   122
       Headbutt          |     6 |     1 ||     7
       Punch             |     1 |     1 ||     2
 Cast: Beastly Appendage |    10 |     1 ||    11
       Spider Form       |     1 |     2 ||     3
 Abil: Spit Poison       |    27 |     2 ||    29
 Stab: Sleeping          |     2 |     3 ||     5
Armor: Robe              |    20 |     8 ||    28
       Skin              |       |     2 ||     2
Dodge: Dodged            |    34 |    41 ||    75

Table legend: (Time is in decaauts)
 A = Elapsed time spent in this place.
 B = Non-inter-level travel time spent in this place.
 C = Inter-level travel time spent in this place.
 D = Time resting spent in this place.
 E = Time spent auto-exploring this place.
 F = Levels seen in this place.
 G = Mean time per level.
                   A        B        C        D        E       F      G
               +--------+--------+--------+--------+--------+-----+--------+
         Total |   4012 |   3882 |    130 |    190 |   3264 |   4 | 1003.0 |
       Dungeon |   4012 |   3882 |    130 |    190 |   3264 |   4 | 1003.0 |
               +--------+--------+--------+--------+--------+-----+--------+

Top non-repeatable levels by time:
     D:1: 1642 daAuts
     D:3: 1413 daAuts
     D:2: 930 daAuts
     D:4: 26 daAuts
